AoeStats
← [ KOF ] M. Kowalski

Nomad

507790625Analyzed
2v2 RM · 11d ago on Sep 19, 2026· 38m 10s· 4 players
Game mode
Random Map
Map size
176×176
Population
200
Speed
Normal
Resources
Standard
Victory
Conquest
Starting age
Dark Age
Ending age
Imperial Age
RankedLock teamsTeams togetherTeam positionsShared explorationLock speedFull tech treeHidden civsTurbo modeCheats
Victory
Defeat
🇨🇴 Portuguese · Colombia
1430
+15
🇹🇷 Mongols · Türkiye
1423
+15
🇲🇽 Goths · Mexico
1434
-17
🇦🇷 Bohemians · Argentina
1361
-13
~KOF~Legonas
2:54 Loom
12:06 Feudal Age
16:37 Castle Age
14:51 Fletching
15:33 Stone Mining
16:19 Gold Mining
24:58 Elite Skirmisher
35:37 Double-Bit Axe
36:44 Padded Archer Armor
[ KOF ] M. Kowalski
5:28 Loom
13:27 Feudal Age
14:57 Fletching
17:54 Castle Age
18:16 Town Watch
18:52 Fletching
19:56 Wheelbarrow
20:51 Bodkin Arrow
36:29 Murder Holes
BuzLu_MarPuç
5:15 Loom
12:19 Feudal Age
16:21 Castle Age
15:30 Stone Mining
17:56 Fletching
30:09 Double-Bit Axe
30:39 Bodkin Arrow
32:54 Padded Archer Armor
36:48 Imperial Age
35:13 Bloodlines
35:04 Husbandry
36:31 Light Cavalry
37:15 Elite Mangudai
Rojo, el camionero.
4:15 Loom
13:35 Feudal Age
17:21 Castle Age
16:09 Fletching
16:50 Double-Bit Axe
17:33 Town Watch
21:40 Wheelbarrow
29:49 Bow Saw
29:39 Bodkin Arrow
35:20 Scale Barding Armor
36:00 Forging
36:34 Bloodlines
Connection lost

Rejoining the realm…

Still unreachable

The connection could not be restored.

Session expired

The server has moved on; the page needs a fresh start.